 Dungeon Crawl Stone Soup version 0.27-a0-1232-gc6a4cbde82 (console) character file.

Game seed: 9581166146935528714

1087 jejorda2 the Carver (level 8, -4/64 HPs)
             Began as a Merfolk Berserker on June 9, 2021.
             Was a Believer of Trog.
             Slain by a vampire (10 damage)
             ... on level 8 of the Dungeon.
             The game lasted 00:08:34 (5913 turns).

jejorda2 the Carver (Merfolk Berserker)             Turns: 5913, Time: 00:08:34

Health: -4/64      AC: 12    Str: 19    XL:     8   Next: 30%
Magic:  8/8        EV: 10    Int:  7    God:    Trog [**....]
Gold:   137        SH:  0    Dex: 13    Spells: 7/7 levels left

rFire    . . .     SeeInvis .   a - +0 falchion (drain)
rCold    + . .     Faith    .   (no shield)
rNeg     . . .     Spirit   .   h - +0 scale mail
rPois    .         Reflect  .   (no helmet)
rElec    .         Harm     .   (no cloak)
rCorr    .         Rampage  .   (no gloves)
Will     .....                  m - +0 pair of boots
Stlth    ..........             r - amulet of the acrobat
HPRegen  0.20/turn              f - +4 ring of protection
MPRegen  0.11/turn              n - ring of protection from cold

@: on berserk cooldown, slowed, very slow
A: (nimble swimmer 2), mertail
a: Renounce Religion, Berserk, Trog's Hand


You were on level 8 of the Dungeon.
You worshipped Trog.
Trog was pleased with you.
You visited 1 branch of the dungeon, and saw 6 of its levels.

You collected 137 gold pieces.

Inventory:

Hand Weapons
 a - a +0 falchion of draining (weapon)
 l - a +0 flail
Missiles
 e - 26 poisoned darts (quivered)
 p - 9 boomerangs
Armour
 h - a +0 scale mail (worn)
 m - a +0 pair of boots (worn)
Jewellery
 c - a ring of ice
 f - a +4 ring of protection (left hand)
 n - a ring of protection from cold (right hand)
 r - an amulet of the acrobat (around neck)
Scrolls
 b - 3 scrolls of teleportation
 d - 3 scrolls of identify
Potions
 i - a potion of mutation
 j - a potion of ambrosia
 k - a potion of lignification


   Skills:
 - Level 6.0 Fighting
 * Level 8.2 Long Blades
 + Level 3.8 Armour
 - Level 2.6 Dodging


You had 7 spell levels left.
You didn't know any spells.
Your spell library was empty.

Dungeon Overview and Level Annotations

Branches:
Dungeon (5/15)
 Temple: D:4-7

Altars:
Nemelex Xobeh
Uskayaw

Shops:
D:8 !


Innate Abilities, Weirdness & Mutations

((You are quick and stealthy near water. (Stealth+, EV+, Speed+++)))
Your lower body shifts to a powerful aquatic tail in water.


Message History

You barely miss something.
You feel the effects of Trog's Hand fading.
Something hits you but does no damage. Something bites you.
Something draws strength from your injuries!
You hit something but do no damage. Something hits you but does no damage.
Something bites you but does no damage. Something hits you but does no damage.
Something bites you!
Something draws strength from your injuries!
You completely miss something. Something hits you but does no damage.
Something bites you.
Something draws strength from your injuries!
You hit something but do no damage. Something hits you!
Something bites you but does no damage.
You hit something but do no damage.
Your skin stops crawling.
You feel less strong-willed. Something hits you!
* * * LOW HITPOINT WARNING * * *
Something bites you but does no damage. Something hits you but does no damage.
Something bites you.
* * * LOW HITPOINT WARNING * * *
Something draws strength from your injuries!
You feel much better. Something hits you. Something bites you.
Something draws strength from your injuries!
You hit something. Something hits you but does no damage.
Something bites you but does no damage.
You hit something but do no damage. Something hits you but does no damage.
Something bites you!
* * * LOW HITPOINT WARNING * * *
Something draws strength from your injuries!
Something hits you but does no damage. Something bites you but does no damage.
You hit something but do no damage. Something hits you but does no damage.
Something bites you.
* * * LOW HITPOINT WARNING * * *
Something draws strength from your injuries!
You closely miss something. Something hits you!
* * * LOW HITPOINT WARNING * * *
Something completely misses you.
You barely miss something. Something hits you but does no damage.
Something bites you!
You die...

###### ....##
##...##
#..!..#####
#..........
#.##...$.#####
..........{@..#
.#.......####.#
#####...# #
#...# #....
#..♣.∩ ....)♣
##.# .# #. .#


There were no monsters in sight!

Vanquished Creatures
  Sigmund (D:3)
  A steam dragon (D:8)
  Menkaure (D:4)
  An ogre (D:5)
  A scorpion (D:4)
  2 water moccasin skeletons
  A howler monkey (D:5)
  2 bullfrog zombies (D:5)
  A gnoll shaman (D:4)
  4 iguanas (D:4)
  8 gnolls (D:4)
  3 adders
  An adder zombie (D:5)
  2 worms
  3 dart slugs
  6 orcs
  4 ball pythons
  6 endoplasms
  2 giant cockroaches (D:1)
  A goblin (D:3)
  11 hobgoblins
  7 jackals
  3 quokkas
  4 bats
  7 frilled lizards
  12 kobolds
  10 rats
105 creatures vanquished.

Vanquished Creatures (others)
  A hobgoblin (D:3)
  5 plants (D:1)
6 creatures vanquished.

Grand Total: 111 creatures vanquished

Notes
Turn   | Place    | Note
-------+----------+-------------------------------------------
     0 | D:1      | jejorda2 the Merfolk Berserker began the quest for the Orb.
     0 | D:1      | Reached XP level 1. HP: 18/18 MP: 1/1
    70 | D:1      | Reached XP level 2. HP: 13/24 MP: 2/2
    70 | D:1      | Found a faded altar of an unknown god.
   736 | D:1      | Reached XP level 3. HP: 28/29 MP: 3/3
   746 | D:1      | Reached skill level 4 in Long Blades
  1092 | D:1      | Reached ** piety under Trog
  2330 | D:2      | Reached XP level 4. HP: 32/37 MP: 4/4
  2558 | D:3      | Noticed Sigmund
  2569 | D:3      | Killed Sigmund
  2570 | D:3      | Reached skill level 5 in Long Blades
  2570 | D:3      | Reached XP level 5. HP: 7/43 MP: 5/5
  2570 | D:3      | Reached XP level 6. HP: 8/49 MP: 6/6
  3282 | D:3      | Found a sparkling altar of Nemelex Xobeh.
  3697 | D:4      | Reached skill level 6 in Long Blades
  3862 | D:4      | Reached skill level 5 in Fighting
  4259 | D:4      | Reached XP level 7. HP: 41/56 MP: 7/7
  4362 | D:4      | Found a hide-covered altar of Uskayaw.
  4404 | D:4      | Noticed Menkaure
  4414 | D:4      | Killed Menkaure
  4837 | D:4      | Reached skill level 7 in Long Blades
  5388 | D:5      | Entered Level 5 of the Dungeon
  5541 | D:5      | Reached XP level 8. HP: 59/64 MP: 8/8
  5876 | D:5      | You fall into a shaft and drop 3 floors!
  5876 | D:8      | Found Uvopil's Distillery.
  5881 | D:8      | Reached *** piety under Trog
  5882 | D:8      | Reached skill level 8 in Long Blades
  5888 | D:8      | Noticed a vampire
  5913 | D:8      | Slain by a vampire

Illustrated notes

Levels and vault maps discovered:
D:1:      dpeg_arrival_rhombi, layout_basic, ebering_ecumenical_altar_webs,
          roderic_serpentine_path, minmay_misc_feat_columns,
          lexackson_kobold_supper
D:2:      layout_basic
D:3:      layout_loops_ring, nemelex_diamond_rough_becter, uniq_sigmund
D:4:      layout_loops_corners, marbit_many_paths,
          minmay_misc_feat_more_columns, supply_closet_lemuel, uniq_menkaure
D:5:      layout_loops_ring, chequers_arboretum
D:8:      layout_loops_ring, ebering_ghost_funeral_grove, serial_shops,
          nicolae_shop_trees

Skill      XL: |  1  2  3  4  5  6  7  8 |
---------------+-------------------------+-----
Long Blades    | 4 5 6 7 8 |  8.2
Armour         | 2 3 |  3.8
Fighting       | 4 5 6 |  6.0
Dodging        | |  2.6

Action                   |  1- 3 |  4- 6 |  7- 9 || total
-------------------------+-------+-------+-------++-------
Melee: Falchion          |   129 |   100 |   155 ||   384
Throw: Dart              |       |     3 |     8 ||    11
Invok: Berserk           |       |     4 |     4 ||     8
       Trog's Hand       |       |     1 |     2 ||     3
  Use: Scroll            |       |       |     8 ||     8
       Potion            |       |       |     2 ||     2
Armor: Ring mail         |    46 |    21 |       ||    67
       Scale mail        |       |    13 |    68 ||    81
Dodge: Dodged            |    61 |    53 |    75 ||   189
       Rpst.: Falchion   |    18 |    16 |    20 ||    54

Table legend: (Time is in decaauts)
 A = Elapsed time spent in this place.
 B = Non-inter-level travel time spent in this place.
 C = Inter-level travel time spent in this place.
 D = Time resting spent in this place.
 E = Time spent auto-exploring this place.
 F = Levels seen in this place.
 G = Mean time per level.
                   A        B        C        D        E       F      G
               +--------+--------+--------+--------+--------+-----+--------+
         Total |   5996 |   5768 |    228 |    772 |   4153 |   6 |  999.3 |
       Dungeon |   5996 |   5768 |    228 |    772 |   4153 |   6 |  999.3 |
               +--------+--------+--------+--------+--------+-----+--------+

Top non-repeatable levels by time:
     D:4: 1978 daAuts
     D:1: 1343 daAuts
     D:3: 1119 daAuts
     D:2: 1084 daAuts
     D:5: 423 daAuts
     D:8: 45 daAuts
